 Dungeon Crawl Stone Soup version 0.26.1-11-gd32895ea62 (webtiles) character file.

Game seed: 13277870795838814478

107 Almogavar the Conjurer (level 4, -1/36 HPs)
             Began as a Deep Elf Conjurer on Apr 14, 2021.
             Slain by a leopard gecko zombie (3 damage)
             ... on level 3 of the Dungeon.
             The game lasted 00:10:38 (2994 turns).

Almogavar the Conjurer (Deep Elf Conjurer)          Turns: 2994, Time: 00:10:40

Health: -1/36      AC: 22    Str:  4    XL:     4   Next: 57%
Magic:  10/12      EV:  2    Int: 24    God:
Gold:   148        SH:  0    Dex: 13    Spells: 10/11 levels left

rFire    . . .     SeeInvis .   f - +1 short sword
rCold    . . .     Faith    .   (no shield)
rNeg     + + +     Spirit   .   (armour currently unavailable)
rPois    +         Reflect  .   (helmet currently unavailable)
rElec    .         Harm     .   (cloak currently unavailable)
rCorr    .         Rampage  .   (gloves currently unavailable)
Will     .....     NoTele   +   (boots currently unavailable)
Stlth    +.........             (no amulet)
HPRegen  0.12/turn              (no ring)
MPRegen  0.13/turn              (no ring)

@: confused, tree-form
A: no striking features
a: no special abilities


You were on level 3 of the Dungeon.
You were a tree.
You visited 1 branch of the dungeon, and saw 3 of its levels.

You collected 148 gold pieces.

Inventory:

Hand Weapons
 f - a +1 short sword (weapon)
Armour
 a - a +0 robe (melded)
 d - a +2 ring mail of cold resistance
 i - a +0 leather armour
Wands
 m - a wand of iceblast (6)
Scrolls
 c - a scroll of teleportation
 e - 3 scrolls of remove curse
 g - a scroll of amnesia {unknown}
 h - a scroll of enchant weapon
 j - a scroll of fear {unknown}
 k - a scroll of magic mapping {unknown}
Potions
 b - a potion of curing {unknown}
 l - a potion of haste {unknown}
 n - a potion of lignification
 o - a potion of might {unknown}
 p - a potion of mutation {unknown}


   Skills:
 + Level 2.6 Dodging
 + Level 2.9 Stealth
 + Level 4.0 Spellcasting
 + Level 6.0 Conjurations


You had 10 spell levels left.
You knew the following spells:

 Your Spells              Type           Power        Failure   Level
a - Magic Dart            Conj           100%         1%          1

Your spell library contained the following spells:

 Spells                   Type           Power        Failure   Level
 Searing Ray              Conj           66%          1%          2
 Dazzling Flash           Conj/Hex       38%          9%          3
 Fulminant Prism          Conj/Hex       9%           28%         4
 Iskenderun's Mystic Bla  Conj/Tloc      19%          28%         4


Dungeon Overview and Level Annotations

Branches:
Dungeon (3/15)

Altars:
Dithmenos

Annotations:
D:3 Grinder, Sigmund


Message History

You cannot move. (Use ctrl+direction or * direction to attack without moving.) Unknown command.
You cannot move. (Use ctrl+direction or * direction to attack without moving.)
You cannot move. (Use ctrl+direction or * direction to attack without moving.)
You cannot move. (Use ctrl+direction or * direction to attack without moving.)
You cannot move. (Use ctrl+direction or * direction to attack without moving.)
You cannot move. (Use ctrl+direction or * direction to attack without moving.)
You cannot move. (Use ctrl+direction or * direction to attack without moving.)
You cannot move. (Use ctrl+direction or * direction to attack without moving.) You're too confused to cast spells.
Unknown command.
You cannot move. (Use ctrl+direction or * direction to attack without moving.)
You cannot move. (Use ctrl+direction or * direction to attack without moving.)
You cannot move. (Use ctrl+direction or * direction to attack without moving.)
You cannot move. (Use ctrl+direction or * direction to attack without moving.)
You cannot move. (Use ctrl+direction or * direction to attack without moving.)
Something hits you but does no damage. The orc hits you but does no damage. x2
The orc hits you but does no damage. x2; Something hits you but does no damage.
The leopard gecko zombie bites you.
You die...

#.# ........# .).
#.........# .†..#
.§.....[.# #)....
§........#
#...§§§§.#.##.##
..≈.§§.§§. #..
...≈≈§≈§#.# ##..
#..≈§§§§#.## ....
....§..oo♣.# ...
#...§§§§Zo.#
#..#....###...#
#.#..#.######...#####
##.....?##...........#
......................
####..####...........#
#. ###.#...#.### #
#.#...#.#


You could see 3 orcs and a leopard gecko zombie.

Vanquished Creatures
  A howler monkey skeleton (D:3)
  3 adders
  3 dart slugs
  5 orcs (D:3)
  A ball python (D:3)
  2 giant cockroaches (D:2)
  6 goblins
  11 hobgoblins
  4 jackals
  5 kobolds
  A quokka (D:3)
  5 bats
  2 frilled lizards
  A quokka skeleton (D:3)
  6 rats
56 creatures vanquished.

Vanquished Creatures (others)
  5 withered plants (D:3)
5 creatures vanquished.

Grand Total: 61 creatures vanquished

Notes
Turn   | Place    | Note
-------+----------+-------------------------------------------
     0 | D:1      | Almogavar the Deep Elf Conjurer began the quest for the
                  | Orb.
     0 | D:1      | Reached XP level 1. HP: 10/10 MP: 6/6
   436 | D:1      | Reached XP level 2. HP: 15/15 MP: 5/8
   621 | D:1      | Reached skill level 5 in Conjurations
   928 | D:2      | Found a faded altar of an unknown god.
  1182 | D:2      | Reached XP level 3. HP: 19/19 MP: 5/9
  2029 | D:3      | Reached XP level 4. HP: 24/24 MP: 6/11
  2176 | D:3      | Noticed Sigmund
  2527 | D:3      | Reached skill level 6 in Conjurations
  2577 | D:3      | Found a shadowy altar of Dithmenos.
  2589 | D:3      | Noticed Grinder
  2594 | D:3      | Paralysed by Grinder for 3 turns
  2986 | D:3      | HP: 1/24 [something/puff of flame (7)]
  2994 | D:3      | Slain by a leopard gecko zombie

Illustrated notes

Levels and vault maps discovered:
D:1:      nicolae_arrival_memento_mori, layout_basic
D:2:      layout_loops_cross, chequers_ecumenical_altar_simple
D:3:      layout_loops_cross, nicolae_dithmenos_through_a_glass_darkly,
          serial_undead, serial_undead_c, serial_undead_f, serial_undead_c,
          serial_undead_a, chequers_serial_rivers_small_3,
          chequers_serial_rivers_large_a, guppyfry_early_orc_mine, uniq_grinder,
          uniq_jessica, uniq_sigmund

Skill      XL: |  1  2  3  4 |
---------------+-------------+-----
Conjurations   | 5 6 |  6.0
Spellcasting   | 4 |  4.0
Dodging        | |  2.6
Stealth        | |  2.9

Action                   |  1- 3 |  4- 6 || total
-------------------------+-------+-------++-------
 Cast: Magic Dart        |    76 |    51 ||   127
  Use: Scroll            |     4 |       ||     4
       Potion            |       |     1 ||     1
Armor: Robe              |     2 |       ||     2
       Skin              |       |     6 ||     6
Dodge: Dodged            |     9 |     3 ||    12
